 Dungeon Crawl Stone Soup version 0.30.1-11-g7821555f0a (webtiles) character file.

Game seed: 3172855317357536059

163 MrIGI the Gusty (level 5, -3/28 HPs)
             Began as a Tengu Air Elementalist on Dec 13, 2023.
             Slain by Duvessa
             ... wielding a +0 rapier
              (12 damage)
             ... on level 4 of the Dungeon.
             The game lasted 00:12:59 (3569 turns).

MrIGI the Gusty (Tengu Air Elementalist)            Turns: 3569, Time: 00:12:59

Health: -3/28      AC:  2    Str:  9    XL:     5   Next: 44%
Magic:  7/10       EV: 15    Int: 17    God:
Gold:   157        SH:  0    Dex: 14    Spells: 5/9 levels left

rFire   . . .        t - +0 rapier
rCold   . . .        (no shield)
rNeg    . . .        a - +0 robe
rPois   .            (helmet restricted)
rElec   .            (no cloak)
rCorr   .            (no gloves)
SInv    .            (boots unavailable)
Will    .....        (no amulet)
Stlth   ++           (no ring)
HPRegen 0.24/turn    (no ring)
MPRegen 0.12/turn

%: no passive effects
@: swift, flying quickly and evasively, very quick
A: beak, talons 3, nimble flight
a: no special abilities


You were on level 4 of the Dungeon.
You visited 1 branch of the dungeon, and saw 5 of its levels.

You collected 157 gold pieces.

Inventory:

Hand Weapons
 e - a +0 hand axe
 h - a +0 dagger
 t - a +0 rapier (weapon)
Missiles
 j - 4 javelins
Armour
 a - a +0 robe (worn)
Wands
 m - a wand of paralysis (8)
Scrolls
 c - a scroll of amnesia
 i - a scroll of immolation {unknown}
 k - a scroll of butterflies {unknown}
 n - 2 scrolls of fear {unknown}
 p - a scroll of identify {unknown}
 r - a scroll of torment {unknown}
 u - 2 scrolls of vulnerability {unknown}
 v - a scroll of magic mapping {unknown}
Potions
 b - a potion of magic
 d - 2 potions of invisibility {unknown}
 f - a potion of might {unknown}
 g - 2 potions of degeneration {unknown}
 l - a potion of curing {unknown}
 o - 3 potions of heal wounds {unknown}
 q - a potion of berserk rage {unknown}
 s - a potion of ambrosia {unknown}
 w - a potion of mutation {unknown}


   Skills:
 + Level 0.2 Fighting
 + Level 2.4 Dodging
 + Level 2.1 Stealth
 + Level 2.8 Spellcasting
 - Level 2.4 Conjurations
 * Level 6.6 Air Magic


You had 5 spell levels left.
You knew the following spells:

 Your Spells              Type           Power      Damage    Failure   Level
a - Shock                 Conj/Air       68%        1d7       2%          1
b - Swiftness             Air            25%        N/A       3%          3

Your spell library contained the following spells:

 Spells                   Type           Power      Damage    Failure   Level
 Static Discharge         Conj/Air       34%        2-4/arc   4%          2
 Airstrike                Air            12%        2d(2-18)  12%         4
 Summon Small Mammal      Summ           8%         N/A       19%         1
 Call Canine Familiar     Summ           2%         N/A       47%         3
 Inner Flame              Hex/Fire       2%         N/A       47%         3
 Summon Guardian Golem    Hex/Summ       2%         N/A       47%         3
 Flame Wave               Conj/Fire      6%         2d5       73%         4
 Sticky Flame             Conj/Fire      6%         2d3       73%         4


Dungeon Overview and Level Annotations

Branches:
Dungeon (5/15)
 Temple: D:4-7

Altars:

Annotations:
D:3 Grinder
D:4 Duvessa


Innate Abilities, Weirdness & Mutations

You have a beak for a mouth.
You have claws for feet.
Your magical nature lets you fly swiftly and evasively.


Message History

Press: ? - help, Q - select action, (/) - cycle Shift-Dir - straight line, f/p - Dowan
Aim: Dowan, wielding a +0 dagger, wearing a +0 robe and carrying a wand of flame (23) (severely wounded, 60% to hit)
The zap hits Dowan!
You kill Dowan!
You hear a distant scream of rage.
Aiming: Shock (safe; 2% risk of failure)
Press: ? - help, Q - select action, (/) - cycle Shift-Dir - straight line, f - Duvessa
Aim: Duvessa, wielding a +0 rapier and wearing a +1 leather armour of cold resistance (wandering, hasn't noticed you, 75% to hit)
The zap misses Duvessa.
Duvessa shouts!
Duvessa goes berserk!
You fly upwards.
There is a stone staircase leading down here.
You start resting.
HP restored.
You start resting.
Magic restored.
There is an open door here.
There is an open door here.
You reach down and open the door.
There is an open door here.
There is an open door here.
Okay, then.
There is a stone staircase leading down here.
You fly downwards.
Level annotation: Duvessa Duvessa rages.
There is a stone staircase leading up here.
Duvessa hits you with a +0 rapier.
You fly upwards.
There is a stone staircase leading down here.
Casting: Shock (safe; 2% risk of failure)
Confirm with . or Enter, or press ? or * to list all spells.
You feel quick. Duvessa hits you with a +0 rapier!
Duvessa completely misses you. Duvessa attacks as you move away!
Duvessa hits you with a +0 rapier!
* * * LOW HITPOINT WARNING * * *
There is a stone staircase leading up here.
Duvessa closely misses you. Duvessa hits you with a +0 rapier!
You die...

######### #......[#
#.......# #..@....#
#..e....# #.......#
#.......# ...
###.......#
.....#######.........#
.....#.....#.........#
.....#.....#.........#
.....#.....#..>......#


You could see Duvessa (berserk).

Vanquished Creatures
  Dowan (D:5)
  3 adders
  4 gnolls
  An ufetubus (D:5)
  A dart slug (D:2)
  A worm (D:3)
  An orc (D:3)
  2 ball pythons
  4 endoplasms
  3 giant cockroaches
  A goblin (D:4)
  4 hobgoblins
  4 jackals (D:4)
  2 kobolds
  2 quokkas (D:1)
  5 bats (D:1)
  3 frilled lizards
  2 rats
44 creatures vanquished.

Notes
Turn   | Place    | Note
-------+----------+-------------------------------------------
     0 | D:1      | MrIGI the Tengu Air Elementalist began the quest for the
                  | Orb.
     0 | D:1      | Reached XP level 1. HP: 10/10 MP: 4/4
   224 | D:1      | Reached XP level 2. HP: 4/15 MP: 0/6
  1803 | D:3      | Reached skill level 5 in Air Magic
  1803 | D:3      | Reached XP level 3. HP: 14/19 MP: 1/7
  1861 | D:3      | Learned a level 3 spell: Swiftness
  2327 | D:2      | Reached XP level 4. HP: 16/24 MP: 1/8
  2559 | D:3      | Noticed Grinder
  2818 | D:3      | Reached skill level 6 in Air Magic
  3057 | D:4      | Noticed an ogre
  3451 | D:5      | Entered Level 5 of the Dungeon
  3453 | D:5      | Gained mutation: Your magical nature lets you fly swiftly
                  | and evasively. [Tengu growth]
  3453 | D:5      | Reached XP level 5. HP: 28/28 MP: 8/10
  3456 | D:5      | Noticed Dowan
  3457 | D:5      | Noticed Duvessa
  3467 | D:5      | Killed Dowan
  3569 | D:4      | Slain by Duvessa

Illustrated notes

Levels and vault maps discovered:
D:1:      doesnt_arrival_eight_statues, layout_loops_ring, serial_bayou_ford_a
D:2:      layout_basic
D:3:      layout_basic, hex_medium, uniq_robin, uniq_ijyb, uniq_grinder
D:4:      layout_gridville, hangedman_abyss_or_decor_lesser_grid
D:5:      cheibrodos_two_vegetables, layout_cave_pools,
          mainiacjoe_overflow_six_doors_small, gammafunk_ghost_icy, uniq_duvessa

Skill      XL: |  1  2  3  4 |
---------------+-------------+-----
Air Magic      | 5 6 |  6.6
Conjurations   | 2 |  2.4
Fighting       | |  0.2
Dodging        | |  2.4
Stealth        | |  2.1
Spellcasting   | |  2.8

Action                     |  1- 3 |  4- 6 || total
---------------------------+-------+-------++-------
  Melee: Unarmed           |    11 |       ||    11
         Kick              |     7 |     3 ||    10
         Dagger            |     9 |       ||     9
         Hand axe          |     2 |       ||     2
         Rapier            |       |    22 ||    22
         Peck              |       |     5 ||     5
   Cast: Shock             |    67 |    46 ||   113
         Swiftness         |     3 |     3 ||     6
    Use: Scroll            |       |     1 ||     1
   Stab: Sleeping          |     1 |       ||     1
 Armour: Robe              |    12 |     3 ||    15
  Dodge: Dodged            |    33 |    25 ||    58
